 Dungeon Crawl Stone Soup version 0.28.0-56-g4927b6849a (webtiles) character file.

Game seed: 10383628186573831288

28 NotaViper the Poker (level 3, -2/43 HPs)
             Began as a Human Berserker on Feb 3, 2023.
             Was a Follower of Trog.
             Slain by a worm (8 damage)
             ... on level 2 of the Dungeon.
             The game lasted 00:07:05 (1384 turns).

NotaViper the Poker (Human Berserker)               Turns: 1384, Time: 00:07:06

Health: -2/43      AC:  5    Str: 19    XL:     3   Next: 30%
Magic:  3/3        EV: 11    Int:  7    God:    Trog [*.....]
Gold:   34         SH:  0    Dex: 12    Spells: 2/2 levels left

rFire   . . .      SeeInvis .   a - +0 spear
rCold   . . .      Faith    .   (no shield)
rNeg    . . .      Spirit   .   e - +0 ring mail
rPois   .          Reflect  .   (no helmet)
rElec   .          Harm     .   (no cloak)
rCorr   .          Rampage  .   (no gloves)
Will    .....                   (no boots)
Stlth   ..........              (no amulet)
HPRegen 0.14/turn               (no ring)
MPRegen 0.08/turn               (no ring)

@: berserking, very quick
A: no striking features
a: Renounce Religion, Berserk


You were on level 2 of the Dungeon.
You worshipped Trog.
Trog was aware of your devotion.
You visited 1 branch of the dungeon, and saw 2 of its levels.

You collected 34 gold pieces.

Inventory:

Hand Weapons
 a - a +0 spear (weapon)
 c - a +0 dagger
 g - a +0 short sword
 j - a +0 short sword
Missiles
 f - 40 sling bullets
 h - 22 stones (quivered)
 i - 5 poisoned darts
 m - 23 arrows
 o - 17 bolts
Armour
 b - a +0 animal skin
 d - a +0 robe
 e - a +0 ring mail (worn)
 l - a +0 robe
Scrolls
 n - a scroll of vulnerability
 p - 2 scrolls of amnesia


   Skills:
 + Level 3.4 Fighting
 + Level 3.5 Polearms
 + Level 2.2 Armour
 + Level 2.2 Dodging


You had 2 spell levels left.
You didn't know any spells.
Your spell library contained the following spells:

 Spells                   Type           Power      Damage    Failure   Level
 Beastly Appendage        Tmut           0%         N/A       61%         1
 Wereblood                Tmut           0%         N/A       75%         2
 Spider Form              Tmut/Pois      0%         N/A       93%         3


Dungeon Overview and Level Annotations

Branches:
Dungeon (2/15)

Altars:

Shops:
D:1 [


Message History

You hit the quokka but do no damage.
The quokka is heavily wounded.
The quokka bites you but does no damage.
You closely miss the quokka.
The quokka is heavily wounded.
The quokka barely misses you.
You closely miss the quokka.
The quokka is heavily wounded.
The quokka bites you.
You hit the quokka.
You kill the quokka!
Trog accepts your kill.
Found a stone staircase leading up.
A worm comes into view.
The worm bites you!
You hit the worm.
The worm is lightly wounded.
The worm misses you.
You hit the worm.
The worm is moderately wounded.
The worm bites you.
You hit the worm.
The worm is heavily wounded.
You hit the worm but do no damage.
The worm is heavily wounded.
The worm bites you!
You hit the worm.
The worm is severely wounded.
You hit the worm but do no damage.
The worm is severely wounded.
The worm closely misses you.
You barely miss the worm.
The worm is heavily wounded.
You hit the worm.
The worm is severely wounded.
The worm bites you.
* * * LOW HITPOINT WARNING * * *
A red film seems to cover your vision as you go berserk!
You feel yourself moving faster!
You feel mighty! The worm bites you!
You die...

#.<........................
#######.##.#.####.#.##.##..
#.##.#.# # #. #.##..
#.##.#.####.#. #.##..
#............. ......
#######.####.#. ..###.
#.....#.# .... ..
#.......####....... ..
#....@.........
#....w.##.##### #......# .#
#......# # ##...#..
.......## #.#...#.#
#.#...#.#


You could see a worm.

Vanquished Creatures
  A hound skeleton (D:2)
  A ball python (D:1)
  An endoplasm (D:1)
  A giant cockroach (D:2)
  A goblin (D:1)
  A hobgoblin (D:1)
  A quokka (D:2)
  3 bats (D:1)
  2 frilled lizards
  2 kobolds (D:1)
  3 rats
17 creatures vanquished.

Notes
Turn   | Place    | Note
-------+----------+-------------------------------------------
     0 | D:1      | NotaViper the Human Berserker began the quest for the Orb.
     0 | D:1      | Reached XP level 1. HP: 18/18 MP: 1/1
   528 | D:1      | Reached XP level 2. HP: 22/24 MP: 2/2
   588 | D:1      | Found Hamib's Armour Shop.
  1198 | D:2      | Found a faded altar of an unknown god.
  1243 | D:2      | Reached XP level 3. HP: 26/29 MP: 3/3
  1384 | D:2      | Slain by a worm

Illustrated notes

Levels and vault maps discovered:
D:1:      noname_arrival_rooms_in_the_neighbourhood, layout_loops_ring,
          serial_shops, shop, minmay_distorted
D:2:      layout_basic, dilly_ecumenical_altar_fadedgnrine

Action                   || total
-------------------------++-------
Melee: Spear             ||    68
       Punch             ||     1
Invok: Berserk           ||     1
  Use: Scroll            ||     2
Armor: Animal skin       ||     4
       Ring mail         ||    19
Dodge: Dodged            ||    45
